 Dungeon Crawl Stone Soup version 0.24.1 (webtiles) character file.

Game seed: 12306072750030320262, levelgen mode: deterministic

86 gwangjeom the Ruffian (level 4, -4/45 HPs)
             Began as a Troll Chaos Knight on Mar 25, 2020.
             Was a Plaything of Xom.
             Engulfed by a cloud of flame (14 damage)
             ... on level 3 of the Dungeon.
             The game lasted 00:02:43 (1240 turns).

gwangjeom the Ruffian (Troll Chaos Knight)          Turns: 1240, Time: 00:02:44

Health: -4/45      AC:  8    Str: 21    XL:     4   Next: 26%
Magic:  3/3        EV: 10    Int:  8    God:    Xom [..*...]
Gold:   186        SH:  0    Dex:  9    Spells: 3/3 levels left

rFire    . . .     SeeInvis .     - Unarmed
rCold    + . .     Gourm    +   (no shield)
rNeg     . . .     Faith    .   a - +2 robe
rPois    .         Spirit   .   (helmet restricted)
rElec    .         Reflect  .   (no cloak)
rCorr    .         Harm     .   (gloves unavailable)
MR       .....                  (boots unavailable)
Stlth    ..........             (no amulet)
HPRegen  0.55/turn              l - ring of attention
MPRegen  0.08/turn              n - ring of protection from cold

@: no status effects
A: large, unfitting armour, claws 3, fast metabolism 3, gourmand, regeneration
1, shaggy fur 1, tough skin 3
a: Renounce Religion


You were on level 3 of the Dungeon.
You worshipped Xom.
You were a toy of Xom.
You were completely stuffed.

You visited 1 branch of the dungeon, and saw 3 of its levels.

You collected 186 gold pieces.

Inventory:

Armour
 a - a +2 robe (worn)
Jewellery
 l - a ring of attention (left claw)
 n - a ring of protection from cold (right claw)
Scrolls
 d - a scroll of teleportation
 f - a scroll of identify
Potions
 c - a potion of flight {unknown}
 g - a potion of curing {unknown}
 h - 2 potions of haste
Comestibles
 b - 6 rations
 i - 6 chunks of flesh


   Skills:
 + Level 3.2 Fighting
 - Level 1.9 Dodging
 + Level 4.4 Unarmed Combat


You had 3 spell levels left.
You didn't know any spells.
Your spell library was empty.

Dungeon Overview and Level Annotations

Branches:
Dungeon (3/15)

Altars:


Innate Abilities, Weirdness & Mutations

You are too large for most types of armour.
You have claws for hands.
Your metabolism is lightning-fast.
You like to eat raw meat.
Your natural rate of healing is unusually fast.
You are covered in fur. (AC +1)
You have extremely tough skin. (AC +3)


Message History

The quokka completely misses you.
You closely miss the orc wizard.
The orc wizard is almost dead.
The quokka misses you.
The orc wizard gestures at you while chanting.
The puff of frost misses you.
The puff of frost hits the quokka!
The quokka explodes!
The fiery explosion engulfs you!!
Ouch! That really hurt!
* * * LOW HITPOINT WARNING * * *
A shower of butterflies erupts from you!
The fiery explosion engulfs your butterfly!!
You kill your butterfly!
You hear a sizzling sound!
You hear a shout!
Okay, then.
You scratch the orc wizard.
You kill the orc wizard!
You have reached level 4!
You are engulfed in blazing flames.
You die...

####
#.############....#
#.ooo)@b§.........#
##############....#
..## .# #


You could see 3 orcs.

Vanquished Creatures
  An orc wizard (D:3)
  An ooze (D:2)
  3 worms
  A dart slug (D:2)
  4 bats
  9 giant cockroaches
  4 goblins
  4 hobgoblins
  A ball python (D:2)
  3 frilled lizards
  6 kobolds
  5 rats
42 creatures vanquished.

Vanquished Creatures (others)
  A quokka (D:3)
  4 toadstools (D:1)
5 creatures vanquished.

Grand Total: 47 creatures vanquished

Notes
Turn   | Place    | Note
-------+----------+-------------------------------------------
     0 | D:1      | gwangjeom the Troll Chaos Knight began the quest for the
                  | Orb.
     0 | D:1      | Reached XP level 1. HP: 22/22 MP: 0/0
    51 | D:1      | XOM: silly message
   126 | D:1      | Reached XP level 2. HP: 29/29 MP: 1/1
   603 | D:2      | XOM: harmless Summ miscast
   605 | D:2      | Reached XP level 3. HP: 31/36 MP: 2/2
   961 | D:2      | XOM is BORED!
   961 | D:2      | XOM: harmless Pois miscast
  1103 | D:2      | XOM: divination: detect creatures
  1163 | D:3      | Reached skill level 4 in Unarmed Combat
  1179 | D:3      | XOM: silly message
  1198 | D:3      | XOM: butterfly on damage
  1239 | D:3      | XOM: butterfly on damage
  1240 | D:3      | Reached XP level 4. HP: 10/45 MP: 3/3
  1240 | D:3      | Engulfed by a cloud of flame

Levels and vault maps discovered:
D:1:      ldierk_walled_garden_2, layout_rooms
D:2:      layout_loops_cross
D:3:      layout_loops_ring, gup_sewer_entry_glass

Skill      XL: |  1  2  3 |
---------------+----------+-----
Fighting       | 3 |  3.2
Unarmed Combat | 4 |  4.4
Dodging        | |  1.9

Action                   |  1- 3 |  4- 6 || total
-------------------------+-------+-------++-------
Melee: Unarmed           |   121 |       ||   121
       Punch             |     1 |       ||     1
  Use: Scroll            |     6 |       ||     6
  Eat: Chunk             |    17 |       ||    17
Armor: Robe              |    40 |       ||    40
Dodge: Dodged            |    62 |       ||    62
